 Dungeon Crawl Stone Soup version 0.29.1 (webtiles) character file.

Game seed: 13645074466188877645

35 Artool the Cudgeller (level 3, 0/28 HPs)
             Began as a Demonspawn Gladiator on Sept 14, 2022.
             Slain by a hobgoblin (4 damage)
             ... led by Robin
             ... on level 2 of the Dungeon.
             The game lasted 00:01:38 (1265 turns).

Artool the Cudgeller (Demonspawn Gladiator)         Turns: 1265, Time: 00:01:38

Health: 0/28       AC:  5    Str: 16    XL:     3   Next: 16%
Magic:  0/3        EV: 12    Int:  9    God:
Gold:   26         SH:  0    Dex: 14    Spells: 2/2 levels left

rFire   . . .      SeeInvis .   k - +0 whip
rCold   . . .      Faith    .   (no shield)
rNeg    . . .      Spirit   +   b - +0 leather armour
rPois   .          Reflect  .   (helmet restricted)
rElec   .          Harm     .   (no cloak)
rCorr   .          Rampage  .   (no gloves)
Will    .....                   (no boots)
Stlth   +.........              l - amulet of guardian spirit
HPRegen 0.09/turn               (no ring)
MPRegen 0.08/turn               (no ring)

@: no status effects
A: horns 1, molten scales 1
a: no special abilities


You were on level 2 of the Dungeon.
You visited 1 branch of the dungeon, and saw 2 of its levels.

You collected 26 gold pieces.

Inventory:

Hand Weapons
 a - a +0 flail
 k - a +0 whip (weapon)
Missiles
 d - 3 throwing nets (quivered)
 e - a javelin
Armour
 b - a +0 leather armour (worn)
 c - a +0 helmet
Jewellery
 l - an amulet of guardian spirit (around neck)
Scrolls
 g - 2 scrolls of identify {unknown}
 h - a scroll of vulnerability {unknown}
 i - 2 scrolls of teleportation {unknown}
 j - a scroll of immolation {unknown}
Potions
 f - 3 potions of curing {unknown}


   Skills:
 + Level 2.4 Fighting
 + Level 3.0 Maces & Flails
 - Level 1.7 Throwing
 + Level 1.1 Armour
 + Level 3.0 Dodging


You had 2 spell levels left.
You didn't know any spells.
Your spell library was empty.

Dungeon Overview and Level Annotations

Branches:
Dungeon (2/15)

Altars:

Annotations:
D:2 Robin


Innate Abilities, Weirdness & Mutations

You have a pair of small horns on your head.
You are partially covered in molten scales. (AC +2)


Message History

You hit the goblin.
You kill the goblin!
Robin throws the goblin at you! The hobgoblin closely misses you.
The goblin hits you with a +0 dagger.
Unknown command.
You hit the goblin.
You kill the goblin!
Items here: )))) ††††.
Robin throws the goblin at you! The goblin hits you but does no damage.
You barely miss the goblin.
The hobgoblin no longer looks unusually strong.
The hobgoblin closely misses you.
Robin roars a battlecry!
The hobgoblin goes into a battle-frenzy!
The goblin hits you but does no damage.
You hit the goblin.
You kill the goblin!
The hobgoblin hits you but does no damage.
The hobgoblin no longer looks unusually strong.
You see here a +0 dagger.
Robin roars a battlecry!
The hobgoblin goes into a battle-frenzy!
The hobgoblin attacks as you move away! The hobgoblin hits you.
* * * LOW HITPOINT WARNING * * *
You hit the hobgoblin.
You kill the hobgoblin!
The hobgoblin attacks as you move away! The hobgoblin closely misses you.
The hobgoblin attacks as you move away! The hobgoblin closely misses you.
The hobgoblin attacks as you move away! The hobgoblin closely misses you.
The hobgoblin no longer looks unusually strong.
Robin roars a battlecry!
The hobgoblin goes into a battle-frenzy!
The hobgoblin attacks as you move away! The hobgoblin misses you.
The hobgoblin attacks as you move away! The hobgoblin closely misses you.
The hobgoblin attacks as you move away! The hobgoblin hits you.
* * * LOW HITPOINT WARNING * * *
The hobgoblin attacks as you move away!
The hobgoblin hits you but does no damage.
The hobgoblin attacks as you move away! The hobgoblin hits you.
You die...

#.# #.#
#########.##
........g..#
........####
##########.#
#........#.#
#.######.#g#
#........@.#
########...#
#<.........#
#.#######..#
#..........#
#.########.#
#..........#
############


You could see Robin and a hobgoblin (strong).

Vanquished Creatures
  2 dart slugs (D:1)
  2 bats (D:1)
  2 endoplasms (D:1)
  8 goblins
  2 hobgoblins (D:2)
  4 jackals (D:1)
  2 quokkas (D:1)
  A frilled lizard (D:1)
  2 kobolds (D:1)
  3 rats (D:1)
28 creatures vanquished.

Notes
Turn   | Place    | Note
-------+----------+-------------------------------------------
     0 | D:1      | Artool the Demonspawn Gladiator began the quest for the
                  | Orb.
     0 | D:1      | Reached XP level 1. HP: 16/16 MP: 1/1
   295 | D:1      | Gained mutation: You are partially covered in molten
                  | scales. (AC +2) [demonic ancestry]
   295 | D:1      | Reached XP level 2. HP: 20/22 MP: 2/2
  1014 | D:1      | Reached skill level 1 in Armour
  1215 | D:2      | Noticed Robin
  1221 | D:2      | Gained mutation: You have a pair of small horns on your
                  | head. [demonic ancestry]
  1221 | D:2      | Reached XP level 3. HP: 23/28 MP: 1/3
  1265 | D:2      | Slain by a hobgoblin

Illustrated notes

Levels and vault maps discovered:
D:1:      psy_arrival_conway, layout_basic
D:2:      layout_basic, ebering_ecumenical_altar_rust, uniq_robin

Skill      XL: |  1  2 |
---------------+-------+-----
Maces & Flails | 3 |  3.0
Dodging        | 3 |  3.0
Armour         | 1 |  1.1
Fighting       | |  2.4
Throwing       | |  1.7

Action                   || total
-------------------------++-------
Melee: Flail             ||    46
       Whip              ||    52
       Headbutt          ||     1
Armor: Leather armour    ||    32
Dodge: Dodged            ||    81
